 Dungeon Crawl Stone Soup version bcrawl-1.31.4 (webtiles) character file.

Game seed: 12765477211384275680

135549 Morbidden the Shield-Bearer (level 3, 0/23 HPs)
             Began as a Skeleton Fighter on June 10, 2021.
             Slain by a gnoll
             ... wielding a +0 spear
              (3 damage)
             ... on level 2 of the Dungeon.
             The game lasted 00:01:07 (1071 turns).

Morbidden the Shield-Bearer (Skeleton Fighter)      Turns: 1071, Time: 00:01:08

Health: 0/23       AC:  6    Str: 22      XL:     3   Next: 51%
Magic:  0/5        EV:  6    Int:  6 (7)  God:
Gold:   30         SH:  9    Dex:  8      Spells: 5/5 levels left

rFire    . . .     SeeInvis .   b - +2 dagger (speed)
rCold    + . .     Gourm    .   c - +0 medium shield
rNeg     + + +     Faith    .   d - +0 scale mail
rPois    ∞         Spirit   +   (no helmet)
rElec    .         Reflect  .   (no cloak)
rCorr    .         Harm     .   (no gloves)
MR       .....                  (no boots)
Stlth    ..........             (no amulet)
HPRegen  0.07/turn              (no ring)
MPRegen  0.09/turn              (no ring)

@: no status effects
A: no food or potions, cold resistance 1, deterioration 1, negative energy
resistance 3, torment resistance, unbreathing, magic shield, sturdy frame 1,
spell healing
a: no special abilities


You were on level 2 of the Dungeon.
You were not hungry.

You visited 1 branch of the dungeon, and saw 2 of its levels.

You collected 30 gold pieces.

Inventory:

Hand Weapons
 a - a +0 long sword
 b - a +2 dagger of speed (weapon)
Armour
 c - a +0 medium shield (worn)
 d - a +0 scale mail (worn)
Scrolls
 i - a scroll of identify


   Skills:
 * Level 3.2 Fighting
 + Level 0.3(2.0) Short Blades
 * Level 3.1 Long Blades
 + Level 3.4 Armour
 * Level 4.2 Shields
 * Level 1.9 Spellcasting


You had 5 spell levels left.
You didn't know any spells.
Your spell library was empty.

Dungeon Overview and Level Annotations

Branches:
Dungeon (2/12)

Altars:
Cheibriados


Innate Abilities, Weirdness & Mutations

You do not eat or drink.
You are immune to poison.
Your flesh is cold resistant. (rC+)
Your body sometimes deteriorates upon taking damage.
You are immune to negative energy. (rN+++)
You are immune to unholy pain and torment.
You can survive without breathing.
When hurt, damage is shared between your health and your magic reserves.
Your movements are slightly less encumbered by armour. (ER -2)
Casting spells heals you.


Message History

The dart slug is lightly wounded.
You hit the dart slug.
The dart slug is moderately wounded.
The dart slug launches a dart at you. The slug dart hits you.
* * * LOW HITPOINT WARNING * * *
You hit the dart slug.
The dart slug is heavily wounded.
You hit the dart slug.
The dart slug is severely wounded.
The dart slug bites you but does no damage.
Unknown command.
You hit the dart slug.
You kill the dart slug!
Unknown command.
Found a snail-covered altar of Cheibriados.
You start resting.
The gnoll is too close now for your liking.
The gnoll hits you with a +0 spear.
You die...

.........#
.........#
.........#
.........# ########
.........####....(..
..?.....gK.)..#
##.#.#######..# ..
#. #gK†### . #
##@### #....#
#.......##....
##..#.#.#_....
#...#.####....
#...##.# ##8... #.#.
..# ##8# ..#. ##. #


You could see a gnoll and a kobold.

Vanquished Creatures
  A worm (D:1)
  5 dart slugs
  A leopard gecko (D:1)
  4 bats (D:1)
  6 goblins
  5 hobgoblins (D:1)
  5 kobolds
  A quokka (D:2)
  2 frilled lizards (D:1)
  3 rats (D:1)
33 creatures vanquished.

Notes
Turn   | Place    | Note
-------+----------+-------------------------------------------
     0 | D:1      | Morbidden the Skeleton Fighter began the quest for the Orb.
     0 | D:1      | Reached XP level 1. HP: 14/14 MP: 1/1
   222 | D:1      | Reached skill level 4 in Shields
   226 | D:1      | Reached skill level 1 in Spellcasting
   226 | D:1      | Reached XP level 2. HP: 19/19 MP: 1/3
   643 | D:1      | Reached XP level 3. HP: 23/23 MP: 3/5
  1068 | D:2      | Found a snail-covered altar of Cheibriados.
  1071 | D:2      | Slain by a gnoll

Skill      XL: |  1  2  3 |
---------------+----------+-----
Shields        | 4 |  4.2
Spellcasting   | 1 |  1.9
Long Blades    | 3 |  3.1
Fighting       | |  3.2
Short Blades   | |  0.3
Armour         | |  3.4

Action                   || total
-------------------------++-------
Melee: Long sword        ||    64
       Dagger            ||    60
Armor: Scale mail        ||    33
Dodge: Dodged            ||    29
Block: Medium shield     ||    50
